 Dungeon Crawl Stone Soup version 0.30-a0-279-g4b46babb21 (webtiles) character file.

Game seed: 9096160480055329073

3279 lunkers the Cudgeller (level 9, 0/79 HPs)
             Began as an Armataur Reaver on Oct 16, 2022.
             Was an Elder of Qazlal.
             Slain by a wyvern (10 damage)
             ... on level 8 of the Dungeon.
             The game lasted 00:09:33 (6934 turns).

lunkers the Cudgeller (Armataur Reaver)             Turns: 6934, Time: 00:09:33

Health: 0/79       AC:  8    Str: 27    XL:     9   Next: 69%
Magic:  13/13      EV:  8    Int: 15    God:    Qazlal [****..]
Gold:   515        SH:  5    Dex: 14    Spells: 10/11 levels left

rFire   . . .      SeeInvis .    a - +2 broad axe (vorpal)
rCold   . . .      Faith    .    (no shield)
rNeg    . . .      Spirit   .    D - +0 scale mail
rPois   .          Reflect  .    (no helmet)
rElec   .          Harm     .    m - +1 cloak
rCorr   .          Roll     +    (no gloves)
Will    .....                    (no barding)
Stlth   ..........               i - amulet of regeneration
HPRegen 1.13/turn                v - +6 ring of dexterity
MPRegen 0.13/turn                C - +6 ring of strength

@: repel missiles
A: large, rugged brown scales 3, deformed body, armoured tail, roll, long
tongue, awkward tongue
a: Renounce Religion, Upheaval, Elemental Force


You were on level 8 of the Dungeon.
You worshipped Qazlal.
Qazlal was greatly pleased with you.
You visited 1 branch of the dungeon, and saw 8 of its levels.
You also visited: Ossuary.

You collected 515 gold pieces.

Inventory:

Hand Weapons
 a - a +2 vorpal broad axe (weapon)
 f - a +2 flail of venom
 u - a +4 quarterstaff of chaos
Armour
 m - a +1 cloak (worn)
 D - a +0 scale mail (worn)
Jewellery
 e - an amulet of the acrobat
 i - an amulet of regeneration (around neck)
 p - a ring of wizardry
 v - a +6 ring of dexterity (left hand)
 C - a +6 ring of strength (right hand)
 E - a ring of flight
 F - an amulet of magic regeneration
Wands
 q - a wand of acid (7)
 x - a wand of flame (33)
 y - a wand of digging (15)
Scrolls
 c - 2 scrolls of blinking
 d - 2 scrolls of magic mapping
 l - 2 scrolls of vulnerability
 n - 3 scrolls of teleportation
 o - a scroll of summoning
 r - a scroll of enchant armour
Potions
 g - 2 potions of resistance
 h - a potion of invisibility
 j - 4 potions of haste
 k - a potion of curing
 s - 3 potions of cancellation
 t - 2 potions of flight
 w - a potion of magic {unknown}
 z - a potion of lignification {unknown}
 A - 2 potions of heal wounds {unknown}
 B - 3 potions of mutation


   Skills:
 - Level 5.5 Fighting
 + Level 3.6(5.8) Axes
 - Level 7.9(9.0) Maces & Flails
 - Level 4.8(7.0) Staves
 - Level 1.3 Dodging
 - Level 1.7 Spellcasting
 - Level 2.6 Conjurations
 - Level 6.1 Invocations


You had 10 spell levels left.
You knew the following spells:

 Your Spells              Type           Power      Damage    Failure   Level
p - Kiss of Death         Conj/Necr      20%        2d7       30%         1

Your spell library contained the following spells:

 Spells                   Type           Power      Damage    Failure   Level
 Momentum Strike          Conj/Tloc      10%        3d8       43%         2
 Hailstorm                Conj/Ice       5%         3d4       67%         3
 Stone Arrow              Conj/Erth      10%        3d7       67%         3
 Ozocubu's Armour         Ice            1%         N/A       85%         3
 Animate Armour           Summ/Erth      2%         N/A       99%         4
 Ice Form                 Ice/Tmut       1%         N/A       99%         4
 Simulacrum               Ice/Necr       0%         N/A       100%        6
 Ozocubu's Refrigeration  Ice            0%         4d7       100%        7
 Lehudib's Crystal Spear  Conj/Erth      2%         10d2      100%        8


Dungeon Overview and Level Annotations

Branches:
Dungeon (8/15)             Temple (0/1) D:4         Ossuary (visited)
   Lair: D:8-11

Altars:
Cheibriados
Gozag
Nemelex Xobeh
Okawaru
Qazlal
Ru
Vehumet
Zin
The Shining One

Shops:
D:4 *   D:7 *

Annotations:
D:7 2 transporters, 123456's ghost, novice GrEE


Innate Abilities, Weirdness & Mutations

You are completely covered in rugged brown scales. (AC +3, +7% HP)
Armour fits poorly on your strangely shaped body.
You have a long armoured tail.
You roll when moving toward enemies. (Rampage)
Your long tongue fully drains potion bottles. (2x potion effects)
Your tongue gives you trouble enunciating. (1.5x scroll delay)


Message History

* * * LOW HITPOINT WARNING * * *
You feel drained. You block the wight's attack.
A steam dragon comes into view.
The gnoll bouda barks out a call to the hunt!
The gnoll picks up the pace!
The steam dragon hisses angrily.
Your life force feels restored.
Press: ? - help, v - describe, . - travel
Here: a gnoll, wielding a +1 vampiric whip (covering ground quickly)
The floor.
You slice the gnoll!!
You kill the gnoll!
Qazlal accepts your kill.
You slash the gnoll bouda!
You kill the gnoll bouda!
Qazlal accepts your kill.
You barely miss the gnoll. The gnoll hits you with a +0 club.
* * * LOW HITPOINT WARNING * * *
The wight hits you from afar with a +0 trident.
* * * LOW HITPOINT WARNING * * *
The steam dragon breathes steam at you.
The ball of steam hits the orc.
The ball of steam hits you!
* * * LOW HITPOINT WARNING * * *
Unknown command.
You slice the wyvern!!
The wyvern is almost dead.
You closely miss the gnoll. You block the wyvern's attack.
The gnoll completely misses you.
The wight hits you from afar with a +0 trident!
* * * LOW HITPOINT WARNING * * *
The gnoll barely misses you. The wyvern bites you!
* * * LOW HITPOINT WARNING * * *
The gnoll hits you but does no damage.
You hit the wyvern.
The wyvern is almost dead.
You slash the gnoll! x2
You kill the gnoll!
Qazlal accepts your kill. The wyvern bites you!
You die...

#... #.>D #..##
### #§§.# #.#
#§.g# ##.# #§§z#
#..#
######g)l####..#
......)@)##....#
.....°.)###.#.##
##
.....§○#......#
.#
#...##........#
'###
......#######.##
...#
####.#..~~~..#.##
PP.# #.#
.~...~..#.## .P.#
#.# .~._.~...#.#
.P.#########
.~...~..#.##


You could see a wyvern, a wight and 2 gnolls.

Vanquished Creatures
  A hornet (D:8)
  A wyvern (D:7)
  A sky beast (D:7)
  3 orc warriors
  3 black bears
  An ogre (D:7)
  A centaur (D:8)
  2 elf zombies (Ossuary)
  2 necrophages
  2 bullfrogs
  A gnoll sergeant (D:5)
  2 scorpions
  3 wights (D:8)
  A howler monkey (D:5)
  3 centaur zombies (Ossuary)
  2 jellies (D:6)
  Crazy Yiuf (D:2)
  A human zombie (Ossuary)
  4 orc priests
  5 hounds
  2 gnoll boudas
  10 orc wizards
  5 iguanas
  3 hound zombies (Ossuary)
  4 mummies
  4 adders
  15 gnolls
  2 shadow imps
  An ufetubus (D:7)
  2 adder zombies (Ossuary)
  5 dart slugs
  27 orcs
  6 ball pythons
  8 bats
  9 endoplasms
  3 giant cockroaches
  2 gnoll zombies (Ossuary)
  7 goblins
  11 hobgoblins
  3 jackals (D:3)
  6 kobolds
  2 quokkas
  3 frilled lizards
  4 goblin zombies
  5 hobgoblin zombies
  3 jackal zombies (Ossuary)
  4 kobold zombies
  2 orc zombies (Ossuary)
  9 quokka zombies
  4 rats
  2 rat zombies (Ossuary)
213 creatures vanquished.

Vanquished Creatures (others)
  An orc (D:8)
1 creature vanquished.

Grand Total: 214 creatures vanquished

Notes
Turn   | Place    | Note
-------+----------+-------------------------------------------
     0 | D:1      | lunkers the Armataur Reaver began the quest for the Orb.
     0 | D:1      | Reached XP level 1. HP: 18/18 MP: 3/3
    74 | D:1      | Reached skill level 3 in Maces & Flails
   244 | D:1      | Reached XP level 2. HP: 23/25 MP: 4/4
   731 | D:1      | Reached XP level 3. HP: 24/31 MP: 5/5
   868 | D:2      | Reached skill level 4 in Maces & Flails
   993 | D:2      | Found a runed translucent door.
   994 | D:2      | Noticed Crazy Yiuf
  1178 | D:2      | Found a faded altar of an unknown god.
  2026 | D:2      | Prayed at the altar of an unknown god.
  2026 | D:2      | Became a worshipper of Qazlal Stormbringer
  2026 | D:2      | Reached * piety under Qazlal
  2184 | D:3      | Identified the +1 chain mail of Tibualec {rN+ Str-5 SInv
                  | Stlth+}
  2219 | D:3      | Reached XP level 4. HP: 29/30 MP: 6/6
  2534 | D:3      | Reached skill level 5 in Maces & Flails
  2683 | D:2      | Killed Crazy Yiuf
  2684 | D:2      | Reached XP level 5. HP: 28/43 MP: 7/7
  2770 | D:4      | Reached skill level 1 in Invocations
  2818 | D:4      | Reached skill level 1 in Staves
  2891 | D:4      | Found a radiant altar of Vehumet.
  3007 | D:4      | Found a staircase to the Ecumenical Temple.
  3187 | D:4      | Found a sparkling altar of Nemelex Xobeh.
  3197 | D:4      | Found Coror's Gadget Gallery.
  3220 | D:4      | Reached ** piety under Qazlal
  3358 | D:4      | Found a sand-covered staircase.
  3370 | Ossuary  | Entered an ossuary
  3382 | Ossuary  | Reached XP level 6. HP: 44/51 MP: 8/8
  3591 | Ossuary  | Reached *** piety under Qazlal
  3604 | Ossuary  | Reached XP level 7. HP: 12/59 MP: 9/9
  4051 | D:5      | Entered Level 5 of the Dungeon
  4381 | D:5      | Reached XP level 8. HP: 67/67 MP: 10/10
  4510 | D:5      | Found a glowing silver altar of Zin.
  4510 | D:5      | Found an opulent altar of Gozag.
  4530 | D:5      | HP: 2/70 [gnoll/+2 flail of venom (6)]
  4640 | D:5      | Found an iron altar of Okawaru.
  5044 | D:6      | Reached **** piety under Qazlal
  5189 | D:6      | Reached skill level 6 in Maces & Flails
  5413 | D:6      | Reached skill level 5 in Invocations
  5834 | D:7      | Found a transporter.
  5835 | D:7      | Noticed 123456's ghost (novice GrEE)
  5855 | D:7      | Reached skill level 7 in Maces & Flails
  5855 | D:7      | Reached XP level 9. HP: 69/78 MP: 13/13
  5874 | D:7      | Reached skill level 5 in Fighting
  6166 | D:7      | Found a snail-covered altar of Cheibriados.
  6241 | D:7      | Found a transporter.
  6347 | D:7      | Found Fupn's Island Escapes.
  6737 | D:8      | Paralysed by a hornet for 3 turns
  6837 | D:8      | Found a glowing golden altar of the Shining One.
  6905 | D:8      | Found a sacrificial altar of Ru.
  6934 | D:8      | Slain by a wyvern

Illustrated notes

Levels and vault maps discovered:
D:1:      nicolae_arrival_somewhat_less_tricky_arrival, layout_loops_ring,
          ebering_dispersal_statue_hall, st_stairs_9
D:2:      layout_loops_corners, nicolae_ecumenical_lake_church,
          uniq_crazy_yiuf_cottage
D:3:      layout_rooms
D:4:      layout_basic, nemelex_altar_shiori, vehumet_altar_wand_db,
          minmay_temple_entry_antechambers, enter_ossuary_4, chequers_avenue,
          nicolae_shop_gadgets
D:5:      layout_gridville, grunt_temple_overflow_gold_and_silver,
          mainiacjoe_overflow_boulevard, minmay_mini_ossuary
D:6:      layout_cave_pods
D:7:      layout_basic, mainiacjoe_overflow_small_starburst,
          gammafunk_ghost_arena, minivault_24, nicolae_island_escapes
D:8:      layout_rooms, lemuel_coloured_pillars_altar, fedhas_altar_3,
          mainiacjoe_overflow_alcove_4, mainiacjoe_overflow_cross_hatched,
          nicolae_ru_awakened_eye

Skill      XL: |  1  2  3  4  5  6  7  8  9 |
---------------+----------------------------+-----
Maces & Flails | 3 4 5 7 |  7.9
Invocations    | 1 2 3 5 6 |  6.1
Staves         | 2 3 4 |  4.8
Fighting       | 2 3 4 5 |  5.5
Axes           | 3 |  3.6
Dodging        | |  1.3
Spellcasting   | |  1.7
Conjurations   | |  2.6

Action                   |  1- 3 |  4- 6 |  7- 9 || total
-------------------------+-------+-------+-------++-------
Melee: Mace              |   119 |    71 |       ||   190
       Tailslap          |    13 |    22 |    38 ||    73
       Punch             |       |     1 |     4 ||     5
       Quarterstaff      |       |   114 |    80 ||   194
       Flail             |       |       |   134 ||   134
       Broad axe         |       |       |    17 ||    17
 Cast: Kiss of Death     |     2 |       |       ||     2
  Use: Potion            |     1 |     1 |     1 ||     3
       Scroll            |       |       |    16 ||    16
Armor: Leather armour    |    89 |    72 |    49 ||   210
       Scale mail        |       |       |    42 ||    42
Dodge: Dodged            |    80 |    78 |    81 ||   239
Block: Other             |     3 |    17 |    42 ||    62

Table legend: (Time is in decaauts)
 A = Elapsed time spent in this place.
 B = Non-inter-level travel time spent in this place.
 C = Inter-level travel time spent in this place.
 D = Time resting spent in this place.
 E = Time spent auto-exploring this place.
 F = Levels seen in this place.
 G = Mean time per level.
                   A        B        C        D        E       F      G
               +--------+--------+--------+--------+--------+-----+--------+
         Total |   7005 |   6633 |    372 |     23 |   5418 |   9 |  778.3 |
       Dungeon |   6639 |   6267 |    372 |     23 |   5231 |   8 |  829.9 |
       Ossuary |    365 |    365 |      0 |      0 |    187 |   1 |  365.0 |
               +--------+--------+--------+--------+--------+-----+--------+

Top non-repeatable levels by time:
     D:2: 1407 daAuts
     D:4: 981 daAuts
     D:5: 958 daAuts
     D:1: 868 daAuts
     D:7: 814 daAuts
     D:6: 784 daAuts
     D:3: 516 daAuts
 Ossuary: 365 daAuts
     D:8: 308 daAuts
